 Dungeon Crawl Stone Soup version 0.31.0-10-gcf4a605ca0 (webtiles) character file.

Game seed: 7680934933312734243

2318 sanka the Grappler (level 9, 0/118 HPs)
             Began as a Troll Shapeshifter on Jan 25, 2024.
             Was a Follower of the Shining One.
             Slain by a centaur (4 damage)
             ... on level 7 of the Dungeon.
             The game lasted 00:07:55 (4650 turns).

sanka the Grappler (Troll Shapeshifter)             Turns: 4650, Time: 00:07:57

Health: 0/118      AC: 24    Str: 24    XL:     9   Next: 18%
Magic:  6/8        EV:  1    Int:  6    God:    the Shining One [*.....]
Gold:   346        SH:  6    Dex: 19    Spells: 8/8 levels left

rFire   . .          .
                       - Unarmed
rCold   . . .        (no shield)
rNeg    . . .        a - melded +0 animal skin
rPois   +            (helmet currently unavailable)
rElec   .            (cloak currently unavailable)
rCorr   .            (gloves unavailable)
SInv    .            (boots unavailable)
Will    .....        (no amulet)
Stlth   +            u - +6 ring of dexterity
HPRegen 1.19/turn    o - ring of flight
MPRegen 0.11/turn

%: no passive effects
@: divinely shielded, tree-form, slowed, glowing, very slow
A: stationary, stasis, torment immunity, boosted hp, large, unfitting armour,
(claws 3), regeneration 1, (shaggy fur 1), (tough skin 1)
a: Renounce Religion, Divine Shield


You were on level 7 of the Dungeon.
You worshipped the Shining One.
The Shining One was aware of your devotion.
You were a tree.
You visited 2 branches of the dungeon, and saw 8 of its levels.

You collected 346 gold pieces.


Innate Abilities, Weirdness & Mutations

You are a tree.
Your roots penetrate the ground, keeping you stationary.
You cannot be teleported.
You are immune to unholy pain and torment.
Your maximum health is greatly increased.
Your equipment is partially melded.
You are too large for most types of armour.
((You have claws for hands.))
Your natural rate of healing is unusually fast.
((You are covered in fur. (AC +1)))
((You have tough skin. (AC +1)))


   Skills:
 - Level 2.0 Fighting
 - Level 1.5 Dodging
 - Level 10.0 Unarmed Combat
 + Level 7.5 Shapeshifting


You had 8 spell levels left.
You didn't know any spells.
Your spell library contained the following spells:

 Spells                   Type           Power      Damage    Failure   Level
 Sting                    Conj/Alch      0%         1d3       45%         1
 Ensorcelled Hibernation  Hex/Ice        0%         N/A       58%         2
 Mercury Vapours          Alch/Air       0%         N/A       58%         2
 Passwall                 Erth           0%         N/A       83%         3
 Swiftness                Air            0%         N/A       83%         3
 Olgreb's Toxic Radiance  Alch           0%         N/A       99%         4

Inventory:

Hand Weapons
 i - the +7 flail of Watchfulness {elec, rC+++ Str+3 Int+4 Dex-3}

   Str+3:     It affects your strength (+3).
   Int+4:     It affects your intelligence (+4).
   Dex-3:     It affects your dexterity (-3).
   rC+++:     It renders you almost immune to cold.
Missiles
 y - 4 curare-tipped darts {=f}
Armour
 a - a +0 animal skin (melded)
Jewellery
 o - a ring of flight (right branch)
 u - a +6 ring of dexterity (left branch)
Talismans
 c - a beast talisman
 d - a flux talisman
 s - a blade talisman
Wands
 l - a wand of charming (6)
 p - a wand of iceblast (27)
 x - a wand of flame (26)
Scrolls
 f - 4 scrolls of immolation {unknown}
 j - a scroll of enchant armour {unknown}
 m - a scroll of amnesia {unknown}
 n - 5 scrolls of identify {unknown}
 q - 2 scrolls of enchant weapon {unknown}
 w - a scroll of fog {unknown}
Potions
 b - a potion of lignification {!q}
 e - 3 potions of heal wounds {unknown}
 g - a potion of degeneration {unknown}
 h - 3 potions of curing {@q1}
 k - 2 potions of might {unknown}
 r - a potion of brilliance {unknown}
 t - 2 potions of resistance {unknown}
 v - a potion of invisibility {unknown}
 z - a potion of magic {unknown}

Dungeon Overview and Level Annotations

Branches:
Dungeon (7/15)             Temple (1/1) D:4

Altars:
Ashenzari
Cheibriados
Dithmenos
Elyvilon
Gozag
Hepliaklqana
Kikubaaqudgha
Makhleb
Nemelex Xobeh
Okawaru
Qazlal
Sif Muna
Trog
Uskayaw
Vehumet
Wu Jian
Yredelemnul
Zin
The Shining One

Annotations:
D:3 Pikel

▒▒▒▒▒▒▒▒........... ▒▒▒
▒......▒...........
▒▒.▒▒▒......▒▒......>...
▒...▒▒......▒...........
▒▒▒.▒▒...................
▒........................
▒▒▒........▒..▒........
▒▒.(.cgyg▒.▒▒........
▒▒...♣▒.............
▒▒▒..▒g............
▒▒▒▒..▒...▒.....
▒..▒...▒.▒... .........
▒▒g.. ... .... . .....
..▒.▒.


You could see a hornet, a centaur and 2 gnolls.


Message History

It was a potion of curing.
The hornet misses you. The centaur hits you.
* * * LOW HITPOINT WARNING * * *
The centaur kicks you but does no damage.
The hornet stings you!
* * * LOW HITPOINT WARNING * * *
You feel as though you will be slow longer.
You block the centaur's attack. The centaur closely misses you.
The gnoll misses you.
The gnoll hits you from afar with a +0 spear.
* * * LOW HITPOINT WARNING * * *
The hornet closely misses you.
Unknown command.
Your transformation has ended.
You turn into a tree.
Your roots penetrate the ground.
The centaur hits you but does no damage.
The centaur kicks you but does no damage.
The hornet stings you but does no damage.
The gnoll hits you but does no damage. The gnoll hits you but does no damage.
You block the centaur's attack.
The centaur kicks you but does no damage.
The hornet stings you but does no damage.
The gnoll hits you with a +0 whip.
* * * LOW HITPOINT WARNING * * *
The centaur hits you.
You die...

Action                     |  1- 3 |  4- 6 |  7- 9 || total
---------------------------+-------+-------+-------++-------
  Melee: Unarmed           |    94 |   101 |   126 ||   321
         Punch             |     1 |     1 |    10 ||    12
 Invoke: Divine Shield     |       |       |     1 ||     1
    Use: Potion            |       |       |     2 ||     2
 Armour: Animal skin       |    66 |    67 |   104 ||   237
         Skin              |       |       |     9 ||     9
  Dodge: Dodged            |    44 |    48 |    81 ||   173
  Block: Other             |       |       |     7 ||     7

Levels and vault maps discovered:
D:1:      minmay_arrival_arboretum_small, layout_basic
D:2:      layout_basic, serial_bayou_pond_d
D:3:      layout_basic, mainiacjoe_overflow_chevrons
D:4:      layout_basic, minmay_temple_entry_statues_pillars,
          hangedman_decor_opposing, uniq_pikel, uniq_natasha
D:5:      layout_loops_ring
D:6:      layout_loops_cross, nicolae_overflow_quartered_altars,
          old_standard_altar, minmay_liquid_box, uniq_eustachio,
          uniq_blork_the_orc
D:7:      layout_cave_pools, overflow_temple_1_default,
          mainiacjoe_overflow_surrounded_room,
          minmay_a_box_with_orc_wizards_in_it, uniq_prince_ribbit1
Temple:   nicolae_temple_hex_pool

Notes
Turn   | Place    | Note
-------+----------+-------------------------------------------
     0 | D:1      | sanka the Troll Shapeshifter began the quest for the Orb.
     0 | D:1      | Reached XP level 1. HP: 18/18 MP: 0/0
    10 | D:1      | Reached skill level 1 in Fighting
   324 | D:1      | Reached XP level 2. HP: 28/28 MP: 1/1
   407 | D:1      | Reached skill level 2 in Fighting
   729 | D:2      | Reached XP level 3. HP: 32/35 MP: 2/2
   859 | D:2      | Identified the +7 flail of Watchfulness {elec, rC+++ Str+3
                  | Int+4 Dex-3}
  1127 | D:2      | Reached skill level 4 in Unarmed Combat
  1534 | D:3      | Reached XP level 4. HP: 42/42 MP: 3/3
  1653 | D:3      | Found a shimmering blue altar of Sif Muna.
  1655 | D:3      | Reached skill level 5 in Unarmed Combat
  1696 | D:3      | Reached XP level 5. HP: 49/49 MP: 4/4
  2144 | D:3      | Reached skill level 6 in Unarmed Combat
  2258 | D:4      | Noticed a lemure
  2261 | D:4      | Noticed Pikel
  2262 | D:4      | Killed a lemure
  2262 | D:4      | Noticed a lemure
  2263 | D:4      | Noticed a lemure
  2264 | D:4      | Noticed a lemure
  2377 | D:4      | Killed a lemure
  2399 | D:4      | Reached XP level 6. HP: 53/57 MP: 5/5
  2454 | D:4      | Found a staircase to the Ecumenical Temple.
  2472 | Temple   | Entered the Ecumenical Temple
  2483 | Temple   | Became a worshipper of the Shining One
  2649 | D:4      | Noticed Natasha
  2653 | D:4      | Killed Natasha
  2654 | D:4      | Reached skill level 7 in Unarmed Combat
  3016 | D:5      | Entered Level 5 of the Dungeon
  3030 | D:5      | Reached XP level 7. HP: 65/65 MP: 6/6
  3041 | D:5      | Reached skill level 8 in Unarmed Combat
  3410 | D:5      | Reached skill level 9 in Unarmed Combat
  3703 | D:6      | Reached * piety under the Shining One
  3711 | D:6      | Reached XP level 8. HP: 71/72 MP: 7/7
  3762 | D:6      | Reached skill level 10 in Unarmed Combat
  3773 | D:6      | Noticed Blork the orc
  3784 | D:6      | Killed Blork the orc
  3808 | D:6      | Found a shadowy altar of Dithmenos.
  3818 | D:6      | Reached skill level 4 in Shapeshifting
  3844 | D:6      | Found an iron altar of Okawaru.
  3911 | D:6      | Reached skill level 5 in Shapeshifting
  3957 | D:6      | Found an opulent altar of Gozag.
  4035 | D:6      | Noticed Eustachio
  4038 | D:6      | Killed Eustachio
  4085 | D:6      | Reached skill level 6 in Shapeshifting
  4150 | D:6      | Found a stormy altar of Qazlal.
  4162 | D:6      | Found a radiant altar of Vehumet.
  4424 | D:7      | Found an ancient bone altar of Kikubaaqudgha.
  4447 | D:7      | Noticed Prince Ribbit
  4454 | D:7      | Killed Prince Ribbit
  4455 | D:7      | Reached skill level 7 in Shapeshifting
  4455 | D:7      | Reached XP level 9. HP: 30/79 MP: 8/8
  4642 | D:7      | Paralysed by a hornet for 2 turns
  4647 | D:7      | HP: 5/79 [centaur (3)]
  4648 | D:7      | HP: 1/79 [gnoll/+0 whip[a gnoll bouda] (5)]
  4650 | D:7      | Slain by a centaur

Vanquished Creatures
  Prince Ribbit (D:7)
  Eustachio (D:6)
  2 black bears
  A sky beast (D:7)
  An ogre (D:5)
  2 centaurs
  2 lemures (D:4)
  Blork the orc (D:6)
  A bullfrog (D:6)
  5 scorpions
  4 wights (D:6)
  2 hounds
  3 jellies
  3 bombardier beetles
  A sleepcap (D:4)
  3 iguanas
  Natasha (D:4)
  9 orc wizards
  12 adders
  A shadow imp (D:6)
  A white imp (D:6)
  2 ufetubi (D:5)
  5 dart slugs
  A ribbon worm (D:2)
  18 orcs
  2 endoplasms
  2 giant cockroaches
  5 goblins
  9 hobgoblins
  2 kobolds
  4 quokkas
  6 ball pythons
  10 bats
  3 frilled lizards
  6 rats
132 creatures vanquished.
